 Dungeon Crawl Stone Soup version 0.14.0-17-gc0b17a5 (webtiles) character file.

151 Quh the Skirmisher (level 4, 0/40 HPs)
             Began as a Hill Orc Fighter on Apr 19, 2014.
             Slain by a gnoll (2 damage)
             ... on Level 2 of the Dungeon.
             The game lasted 00:04:43 (1247 turns).

Quh the Skirmisher (Hill Orc Fighter)               Turns: 1247, Time: 00:04:43

HP   0/40        AC  8     Str 19      XL: 4   Next: 43%
MP   4/4         EV  6     Int  8      God:
Gold 69          SH 18     Dex 10      Spells:  0 memorised,  3 levels left

rFire  . . .     SeeInvis .     a - +0 long sword
rCold  . . .     Clarity  .     p - +0 scale mail
rNeg   . . .     Conserve .     c - +0 shield
rPois  .         rCorr    .     (no helmet)
rElec  .         rRot     .     (no cloak)
SustAb . .       Spirit   .     (no gloves)
rMut   .         Warding  .     t - +0 pair of boots
Saprov + . .     Stasis   .     (no amulet)
MR     .....                    (no ring)
                                (no ring)

@: not resistant to hostile enchantments, extremely unstealthy
A: saprovore 1
a: no special abilities


You were on level 2 of the Dungeon.
You were hungry.

You visited 1 branch of the dungeon, and saw 2 of its levels.

You collected 69 gold pieces.

Inventory:

Hand weapons
 a - a +0,+0 long sword (weapon)
 b - a +1,+2 sling
Missiles
 q - 13 sling bullets
 w - 37 bolts
Armour
 c - a +0 shield (worn)
 p - a +0 scale mail (worn)
 t - a +0 pair of boots (worn)
Comestibles
 d - a meat ration
 r - a chunk of bat flesh
 v - a choko
 x - a chunk of bat flesh
Scrolls
 f - a scroll of fear {unknown}
 h - 2 scrolls of enchant weapon I {unknown}
 i - a scroll of fog {unknown}
 j - 5 scrolls of remove curse {unknown}
 k - a scroll of random uselessness {unknown}
 u - a scroll of teleportation {unknown}
Potions
 e - a potion of might
 g - a potion of agility {unknown}
 l - a potion of curing {unknown}
 m - a potion of brilliance {unknown}
 n - a potion of magic {unknown}
 o - a potion of heal wounds {unknown}
 s - 2 potions of degeneration {unknown}


   Skills:
 + Level 4.1 Fighting
 * Level 3.1 Long Blades
 + Level 3.8 Armour
 + Level 1.1 Dodging
 + Level 3.8 Shields


You had 3 spell levels left.
You didn't know any spells.

Dungeon Overview and Level Annotations

Branches:
Dungeon (2/15)

Altars:


Innate Abilities, Weirdness & Mutations

You can tolerate rotten meat.


Message History

You completely miss the gnoll.
The gnoll hits you from afar with a spear.
* * * LOW HITPOINT WARNING * * *
You barely miss the gnoll.
The gnoll is heavily wounded.
You block the gnoll's attack. The gnoll hits you.
* * * LOW HITPOINT WARNING * * *
The gnoll hits you but does no damage. You block the gnoll's attack.
Your shield and scale mail prevent you from hitting the gnoll.
The gnoll is heavily wounded.
The gnoll hits you but does no damage. The gnoll completely misses you.
The gnoll hits you.
* * * LOW HITPOINT WARNING * * *
You block the gnoll's attack.
You slash the gnoll!
You kill the gnoll!
The gnoll hits you from afar with a spear.
* * * LOW HITPOINT WARNING * * *
The gnoll hits you.
You die...

.......########### #.....#
.................###.....#
.......####...............
.......# #......######
######## #......# #......#
#...^..########
#.............<
#....g@########
########r########
.........g.......
########%#########
#..........# #......>...#
#..........#
#######.........r########
..............>........r$


You could see 2 gnolls and a rat.

Vanquished Creatures
  2 gnolls (D:2)
  An adder (D:2)
  A worm (D:2)
  An ooze (D:2)
  8 bats
  3 giant cockroaches
  6 goblins
  A hobgoblin (D:1)
  8 kobolds
  3 giant geckos (D:1)
  A giant newt (D:1)
  5 jackals (D:1)
  7 rats
47 creatures vanquished.

Notes
Turn   | Place    | Note
--------------------------------------------------------------
     0 | D:1      | Quh, the Hill Orc Fighter, began the quest for the Orb.
     0 | D:1      | Reached XP level 1. HP: 19/19 MP: 1/1
    50 | D:1      | Reached XP level 2. HP: 20/27 MP: 2/2
   286 | D:1      | Reached XP level 3. HP: 26/33 MP: 3/3
   329 | D:1      | Reached skill level 4 in Fighting
   737 | D:2      | Reached skill level 1 in Dodging
  1181 | D:2      | Reached XP level 4. HP: 35/40 MP: 4/4
  1247 | D:2      | HP: 2/40 [gnoll/spear (3)]
  1247 | D:2      | Slain by a gnoll

Action                   |  1- 3 |  4- 6 || total
-------------------------+-------+-------++-------
Melee: Long sword        |   160 |    10 ||   170
